 Dungeon Crawl Stone Soup version 0.29-a0-838-g385bb11a5b (webtiles) character file.

Game seed: 6848058403976764099

349799 mathmaestro the Brawler (level 20, -7/232 HPs)
             Began as a Troll Monk on Mar 18, 2022.
             Was a High Priest of Jiyva.
             Mangled by an ettin (21 damage)
             ... on level 1 of the Depths on July 13, 2022.
             The game lasted 02:21:45 (37404 turns).

mathmaestro the Brawler (Troll Monk)               Turns: 37404, Time: 02:21:45

Health: -7/232     AC: 24    Str: 30    XL:     20   Next: 90%
Magic:  19/19      EV: 13    Int:  6    God:    Jiyva [*****.]
Gold:   1646       SH: 13    Dex: 12    Spells: 19/19 levels left

rFire   + + .      SeeInvis +     - Unarmed
rCold   . . .      Faith    .   Y - +2 kite shield {AC+3}
rNeg    . . .      Spirit   .   e - +5 robe of Night {Dark Will+ SInv}
rPois   +          Reflect  .   H - +2 hat
rElec   .          Harm     .   C - +2 cloak {rF+}
rCorr   +          Rampage  .   (gloves unavailable)
Will    ++++.                   (boots unavailable)
Stlth   +++.......              Q - amulet of the acrobat
HPRegen 2.72/turn               s - +4 ring of protection
MPRegen 0.61/turn               O - ring of the Salmon {rF+ Will++}

@: calling ooze, studying 2 skills
A: large, unfitting armour, claws 3, regeneration 1, shaggy fur 2, tough skin 1,
hooves 3, iridescent scales 1, poison resistance, robust 1, wild magic 2,
pseudopods 2, translucent skin 2, evolution 1, tendrils, jelly absorbing
missiles
}: 3/15 runes: decaying, serpentine, slimy
a: Renounce Religion, Oozemancy, Slimify


You were on level 1 of the Depths.
You worshipped Jiyva.
Jiyva was extremely pleased with you.
You visited 9 branches of the dungeon, and saw 42 of its levels.
You visited the Abyss 1 time.
You also visited: Gauntlet, Ice Cave and Volcano.

You collected 3594 gold pieces.
You spent 1948 gold pieces at shops.

Inventory:

Hand Weapons
 z - a +4 scimitar of flaming
 L - the +8 whip "Snakebite" {venom, curare, rPois}
   (You found it on level 5 of the Pits of Slime)

   It poisons the flesh of those it strikes.
   It occasionally inflicts asphyxiating poison on those it strikes, dealing
   poison damage and causing slowness.
   rPois:     It protects you from poison.
Missiles
 c - 14 javelins
 u - 20 boomerangs (quivered)
 x - 3 silver boomerangs
 I - a boomerang of dispersal
 P - 35 large rocks
Armour
 e - the +5 robe of Night (worn) {Dark Will+ SInv}
   (You found it on level 15 of the Dungeon)

   It shrouds the wearer in darkness, reducing the range at which they can see
   and be seen by others.
   SInv:      It lets you see invisible.
   Will:      It increases your willpower.
 q - a +0 cloak of poison resistance
 C - a +2 cloak of fire resistance (worn)
 H - a +2 hat (worn)
 Y - a +2 kite shield of protection (worn)
Jewellery
 s - a +4 ring of protection (left claw)
 v - the ring of No Interval {rN+ Will+}
   (You found it on level 5 of the Lair of Beasts)

   [ring of positive energy]

   rN:        It protects you from negative energy.
   Will:      It increases your willpower.
 O - the ring of the Salmon (right claw) {rF+ Will++}
   (You found it in an ice cave)

   [ring of protection from fire]

   rF:        It protects you from fire.
   Will:      It greatly increases your willpower.
 Q - an amulet of the acrobat (around neck)
 S - the ring "Deoduamn" {rF++ rN+ SInv}
   (You took it off a white draconian in an ice cave)

   [ring of positive energy]

   rF:        It greatly protects you from fire.
   rN:        It protects you from negative energy.
   SInv:      It lets you see invisible.
 U - the necklace of Bloodlust {*Rage Will++ Int-3 Slay+6}
   (You found it on level 5 of the Pits of Slime)

   [amulet of nothing]

   It extends the wearer's berserk rage when killing foes.
   Int:       It affects your intelligence (-3).
   Slay:      It affects your accuracy & damage with ranged weapons and melee
   (+6).
   *Rage:     It berserks you when you make melee attacks (+50% chance).
   Will:      It greatly increases your willpower.
 V - a ring of protection from fire
 W - a +4 ring of protection
Wands
 a - a wand of flame (55)
 h - a wand of acid (14)
 k - a wand of mindburst (10)
 t - a wand of digging (14)
 y - a wand of iceblast (28)
 D - a wand of charming (1)
 N - a wand of paralysis (22)
 T - a wand of polymorph (11)
Scrolls
 d - 8 scrolls of teleportation
 f - 4 scrolls of enchant armour
 n - 5 scrolls of fog
 A - 4 scrolls of magic mapping
 B - 2 scrolls of blinking
 F - 16 scrolls of identify
 G - 7 scrolls of fear
 R - a scroll of holy word
 X - a scroll of brand weapon
Potions
 b - 5 potions of resistance
 g - 3 potions of cancellation
 i - 3 potions of heal wounds
 j - 8 potions of curing
 l - 3 potions of lignification
 m - 4 potions of mutation
 p - 2 potions of might
 r - 3 potions of invisibility
 E - 5 potions of flight
 J - 2 potions of magic
 K - 2 potions of berserk rage
 M - 10 potions of haste
Miscellaneous
 o - a condenser vane
 w - a lightning rod (4/4)


   Skills:
 + Level 15.6 Fighting
 + Level 11.2 Throwing
 + Level 11.0 Armour
 + Level 11.0 Dodging
 - Level 1.0 Stealth
 + Level 11.9 Shields
 + Level 20.5 Unarmed Combat
 - Level 10.0 Evocations


You had 19 spell levels left.
You didn't know any spells.
Your spell library contained the following spells:

 Spells                   Type           Power      Damage    Failure   Level
 Beastly Appendage        Tmut           0%         N/A       80%         1
 Freeze                   Ice            0%         1d3       80%         1
 Magic Dart               Conj           0%         1d3       80%         1
 Pain                     Necr           0%         1d4       80%         1
 Shock                    Conj/Air       0%         1d3       80%         1
 Sting                    Tmut/Pois      0%         1d3       80%         1
 Blink                    Tloc           0%         N/A       89%         2
 Call Imp                 Summ           0%         N/A       89%         2
 Ensorcelled Hibernation  Hex/Ice        0%         N/A       89%         2
 Passwall                 Tmut/Erth      0%         N/A       89%         2
 Poisonous Vapours        Pois/Air       0%         N/A       89%         2
 Searing Ray              Conj           0%         2d4       89%         2
 Wereblood                Tmut           0%         N/A       89%         2
 Dazzling Flash           Conj/Hex       0%         N/A       98%         3
 Frozen Ramparts          Ice            0%         1d2       98%         3
 Ignite Poison            Fire/Tmut/Pois 0%         N/A       98%         3
 Mephitic Cloud           Conj/Pois/Air  0%         N/A       98%         3
 Spider Form              Tmut/Pois      0%         N/A       98%         3
 Swiftness                Air            0%         N/A       98%         3
 Tukima's Dance           Hex            0%         N/A       98%         3
 Airstrike                Air            0%         0-1+      100%        4
 Anguish                  Hex/Necr       0%         N/A       100%        4
 Corpse Rot               Necr/Pois/Air  0%         N/A       100%        4
 Fulminant Prism          Conj/Hex       0%         3d6       100%        4
 Hailstorm                Conj/Ice       0%         3d3       100%        4
 Ice Form                 Ice/Tmut       0%         N/A       100%        4
 Olgreb's Toxic Radiance  Pois           0%         N/A       100%        4
 Summon Ice Beast         Ice/Summ       0%         N/A       100%        4
 Summon Lightning Spire   Summ/Air       0%         N/A       100%        4
 Agony                    Necr           0%         N/A       100%        5
 Freezing Cloud           Conj/Ice/Air   0%         6-21      100%        5
 Manifold Assault         Tloc           0%         N/A       100%        5
 Silence                  Hex/Air        0%         N/A       100%        5
 Enfeeble                 Hex            0%         N/A       100%        7
 Storm Form               Tmut/Air       0%         N/A       100%        7
 Maxwell's Capacitive Co  Air            0%         ∞         100%        8


Dungeon Overview and Level Annotations

Branches:
Dungeon (15/15)            Temple (1/1) D:4            Lair (6/6) D:9
  Swamp (4/4) Lair:4        Snake (4/4) Lair:3        Slime (5/5) Lair:5
    Orc (2/2) D:12            Elf (0/3) Orc:2        Vaults (4/5) D:14
  Crypt (0/3) Vaults:2     Depths (1/4) D:15          IceCv (visited)
Volcano (visited)         Gauntlet (visited)

Altars:
Ashenzari
Cheibriados
Dithmenos
Elyvilon
Fedhas
Gozag
Hepliaklqana
Kikubaaqudgha
Makhleb
Nemelex Xobeh
Okawaru
Qazlal
Ru
Sif Muna
Trog
Uskayaw
Vehumet
Wu Jian
Xom
Yredelemnul
Zin
The Shining One
Jiyva

Shops:
D:1 ((*   D:7 ![!=   D:15 [   Orc:2 *=(??   Snake:2 (!   Snake:3 ==:
Vaults:1 :   Vaults:2 =

Annotations:
D:7 1 runed translucent door
D:9 3 runed translucent doors, Cecur's ghost, novice SpEn


Innate Abilities, Weirdness & Mutations

You are too large for most types of armour.
You have claws for hands.
Your natural rate of healing is unusually fast.
You are covered in thick fur. (AC +2)
You have tough skin. (AC +1)
You have hooves in place of feet.
You are partially covered in iridescent scales. (AC +2)
Your system is resistant to poisons. (rPois)
You are robust. (+10% HP)
Your spells are harder to cast, but more powerful.
Armour fits poorly on your large pseudopods.
Your translucent skin reduces your foes' accuracy. (Stealth+)
You have hidden genetic potential.
You are covered in slimy tendrils that may disarm your opponents.
You have a small jelly attached to you that may absorb projectiles.


Message History

The frost giant is heavily wounded.
The walls burn the hell knight!
Unknown command.
You eviscerate the hell knight!!!
You kill the hell knight!
Your hell knight hits the frost giant with a +1 great mace of pain!!
The frost giant writhes in agony.
Unknown command.
You eviscerate the hell knight simulacrum!!!
The hell knight simulacrum vaporises!
Your hell knight barely misses the frost giant.
The walls burn the frost giant!
The frost giant gestures at you while chanting.
The bolt of cold hits you!!
* * * LOW HITPOINT WARNING * * *
The ettin closely misses your hell knight.
The ettin hits your hell knight!!
You barely miss the frost giant. You kick the frost giant.
Your bludgeon misses the frost giant.
The frost giant is almost dead.
Your hell knight barely misses the ettin.
The walls burn the frost giant!
The frost giant barely misses you.
The frost giant hits your hell knight with a +2 battleaxe of freezing!!
The frost giant freezes your hell knight.
Your hell knight dies!
You completely miss the frost giant. You kick the frost giant.
You bludgeon the frost giant, but do no damage.
The frost giant is almost dead.
Unknown command.
You eviscerate the frost giant!!!
You kill the frost giant!
The ettin hits you!!
* * * LOW HITPOINT WARNING * * *
The ettin misses you.
Your Dodging skill increases to level 11!
Unknown command.
You barely miss the ettin.
The ettin is heavily wounded.
You block the ettin's attack. The ettin hits you!!
You die...

...........
...........
...........
.....)[....
.....†.....
##...###### #...#
##...#################
...............)@.....
...............○C.....
.>.........[[.........
#########.[)##########
#.).# #...# #...#
..... .......


You could see an ettin.

Vanquished Creatures
  Mennas (Vaults:3)
  Boris (twice) (Vaults:3 Vaults:4)
  A tentacled monstrosity (Swamp:4)
  2 tentacled starspawn (Abyss:3)
  2 sphinxes
  3 tengu reavers (Vaults:4)
  3 nagarajas (Snake:4)
  A thorn hunter (Swamp:4)
  2 frost giants (Depths:1)
  A draconian knight (IceCv)
  A fenstrider witch (Swamp:3)
  2 orc warlords
  Aizul (Snake:2)
  10 vault wardens
  The ghost of Pooter the Severer, a journeyman MiFi of Makhleb (Lair:6)
  A ghoul (Vaults:2)
  13 ironbound preservers
  A stone giant (Vaults:2)
  A war gargoyle (Vaults:3)
  10 very ugly things
  7 ironbound thunderhulks
  A vampire knight (Vaults:2)
  2 eleionomae
  3 bunyips (Swamp:3)
  2 deep elf demonologists
  Azrael (D:13)
  11 dire elephants
  5 white draconians (IceCv)
  The ghost of PaleWalker the Severer, a journeyman MiBe of Trog (Lair:2)
  A blizzard demon (Abyss:3)
  4 ettins
  A fire dragon (Depths:1)
  10 yaktaur captains
  2 shambling mangroves
  4 vault guards
  15 naga warriors
  3 peacekeepers
  The ghost of Zazuam the Extinguished, a journeyman DsMo of Dithmenos (Lair:3)
  2 catoblepae (Lair:2)
  A rakshasa (D:15)
  4 salamander tyrants (Snake:4)
  A spriggan air mage (Depths:1)
  15 hydras
  7 boulder beetles
  14 centaur warriors
  A ghost crab (Swamp:1)
  12 alligators
  12 anacondas
  A death knight (Vaults:2)
  5 ironbound frosthearts
  A satyr (D:15)
  A deep troll earth mage (Depths:1)
  16 two-headed ogres
  5 death yaks
  2 tengu warriors
  5 orc high priests
  Urug (Lair:2)
  4 shock serpents
  A deep troll shaman (Depths:1)
  2 spriggan berserkers (Swamp:4)
  A thrashing horror (Abyss:3)
  15 naga sharpshooters
  4 wretched stars
  4 hell knights (Depths:1)
  2 shadow wraiths (D:15)
  2 spatial maelstroms (Abyss:3)
  An iron troll (Depths:1)
  Lodul (D:13)
  3 fire crabs
  7 goliath frogs
  8 sea snakes
  5 salamander mystics
  A spriggan druid (Swamp:3)
  35 deep trolls
  8 bog bodies
  An orange crystal statue (IceCv)
  A death drake (Swamp:1)
  11 lindwurms
  12 swamp dragons (Swamp:4)
  Pikel (D:5)
  12 ironbound convokers
  3 wizards
  A phantasmal warrior (Vaults:4)
  6 naga ritualists
  21 ugly things
  5 necromancers
  14 orc knights
  6 cyclopes
  7 harpies
  3 mana vipers
  5 orc sorcerers
  A deep elf pyromancer (D:14)
  2 will-o-the-wisps (Swamp:4)
  2 moths of wrath (Lair:6)
  A manticore (D:15)
  2 worldbinders (Abyss:3)
  16 salamanders
  37 black mambas
  9 elephants (Lair:4)
  3 guardian serpents
  An apocalypse crab (Abyss:3)
  A black mamba (shapeshifter) (Abyss:3)
  16 vault sentinels
  2 torpor snails
  3 gargoyles
  Maurice (D:8)
  A smoke demon (Abyss:3)
  21 naga magi
  24 cane toads
  2 rime drakes
  3 human zombies (Vaults:4)
  6 storm dragon simulacra (IceCv)
  A freezing wraith (D:15)
  A hellwing (Abyss:3)
  5 komodo dragons
  A kobold demonologist (D:14)
  35 yaktaurs
  5 golden dragon simulacra (IceCv)
  6 tengu conjurers
  An ancient zyme (Abyss:3)
  2 yaktaur skeletons (Vaults:4)
  3 trolls
  6 meliai
  A polar bear (Lair:6)
  6 hornets
  A blink frog (shapeshifter) (D:14)
  13 tyrant leeches
  18 dream sheep
  Prince Ribbit (D:5)
  19 blink frogs
  A raiju (shapeshifter) (D:14)
  3 raiju (Abyss:3)
  A human simulacrum (Vaults:4)
  Sigmund (D:3)
  6 spriggans
  3 wraiths
  A shadow (D:12)
  7 basilisks
  6 wyverns
  An elf zombie (Vaults:4)
  9 fire bats
  3 ynoxinuls (Abyss:3)
  A vampire (D:14)
  37 yaks
  2 steam dragons
  3 fire elementals (D:13)
  7 small abominations
  A chaos spawn (Abyss:3)
  38 vampire mosquitoes
  4 neqoxecs
  3 wargs (D:12)
  2 spatial vortices (Abyss:3)
  57 nagas
  12 swamp worms
  28 water moccasins
  3 acid dragons
  4 sky beasts
  4 hell hounds
  30 orc warriors
  4 large abominations (Abyss:3)
  9 swamp drakes
  6 black bears
  4 ice dragon simulacra (IceCv)
  10 ogres
  8 wolves
  A human skeleton (Vaults:4)
  11 centaurs
  A lemure (D:5)
  A phantom (D:6)
  2 kobold brigands
  Blork the orc (D:6)
  A gnoll sergeant (D:9)
  8 scorpions
  12 bullfrogs
  2 necrophages
  11 wights
  8 killer bees
  5 lindwurm simulacra (IceCv)
  6 howler monkeys
  An electric eel (Snake:3)
  2 jellies
  A hound (D:5)
  22 orc priests
  A gnoll bouda (D:7)
  Terence (D:3)
  4 iguanas
  22 orc wizards
  A mummy (D:7)
  23 gnolls
  6 adders
  2 shadow imps
  3 white imps
  4 ufetubi
  2 worms (D:2)
  6 dart slugs
  60 orcs
  9 endoplasms
  9 giant cockroaches
  7 goblins
  4 hobgoblins
  4 jackals (D:4)
  7 quokkas
  4 ball pythons
  4 bats
  16 kobolds
  4 rats
  A starspawn tentacle (Abyss:3)
1350 creatures vanquished.

Vanquished Creatures (collateral kills)
  A deep troll (Vaults:2)
  A golden dragon simulacrum (IceCv)
2 creatures vanquished.

Vanquished Creatures (others)
  2 azure jellies
  2 ironbound preservers (Vaults:3)
  An ironbound thunderhulk (Vaults:1)
  An eleionoma (Swamp:4)
  A yaktaur captain (Vaults:1)
  7 great orbs of eyes
  2 naga warriors
  3 hydras
  2 ironbound frosthearts
  2 naga sharpshooters (Snake:3)
  A hell knight (Depths:1)
  2 lindwurms (Vaults:3)
  2 glowing orange brains
  2 ironbound convokers
  A necromancer (Vaults:4)
  A harpy (D:15)
  A cyclops (D:13)
  2 ugly things (D:15)
  A black mamba (Snake:2)
  4 vault sentinels
  A yaktaur (Vaults:1)
  A cane toad (Lair:6)
  3 bloated husks
  37 slime creatures
  A dream sheep (shapeshifter) (D:15)
  A blink frog (Lair:6)
  A steam dragon (Vaults:2)
  A water moccasin (Lair:6)
  A swamp worm (Swamp:1)
  2 nagas
  An orc warrior (D:12)
  4 boggarts (Vaults:2)
  215 jellies
  2 orc priests
  2 gnolls (Orc:2)
  5 orcs
  An endoplasm (D:2)
  A kobold (D:8)
  4 bushes
  5 foxfires (Swamp:4)
  62 fungi
  169 plants
  5 starspawn tentacles (Abyss:3)
565 creatures vanquished.

Grand Total: 1917 creatures vanquished

Notes
Turn   | Place    | Note
-------+----------+-------------------------------------------
     0 | D:1      | mathmaestro the Troll Monk began the quest for the Orb.
     0 | D:1      | Reached XP level 1. HP: 22/22 MP: 0/0
     5 | D:1      | Found Ciddish's Antique Weapon Shoppe.
    71 | D:1      | Found Huole's General Store.
    91 | D:1      | Bought a scroll of teleportation for 33 gold pieces
    91 | D:1      | Bought a scroll of identify for 22 gold pieces
   102 | D:1      | Reached XP level 2. HP: 29/29 MP: 1/1
   791 | D:1      | Found Cuucaw's Weapon Shop.
   886 | D:2      | Reached XP level 3. HP: 36/36 MP: 2/2
  1104 | D:2      | Reached XP level 4. HP: 42/45 MP: 3/3
  1112 | D:2      | Reached skill level 4 in Unarmed Combat
  1228 | D:2      | Found a faded altar of an unknown god.
  1670 | D:2      | Reached XP level 5. HP: 51/53 MP: 4/4
  1917 | D:3      | Noticed a sky beast
  1937 | D:3      | Killed a sky beast
  1938 | D:3      | Reached skill level 5 in Unarmed Combat
  1938 | D:3      | Reached XP level 6. HP: 26/63 MP: 5/5
  2009 | D:3      | Noticed Sigmund
  2224 | D:3      | Noticed Terence
  2236 | D:3      | Killed Terence
  2312 | D:3      | Killed Sigmund
  2313 | D:3      | Reached XP level 7. HP: 61/71 MP: 6/6
  2458 | D:4      | Reached skill level 5 in Fighting
  2458 | D:4      | Reached skill level 6 in Unarmed Combat
  2529 | D:4      | Found a staircase to the Ecumenical Temple.
  2536 | Temple   | Entered the Ecumenical Temple
  3594 | D:5      | Entered Level 5 of the Dungeon
  3679 | D:5      | Noticed Prince Ribbit
  3690 | D:5      | Killed Prince Ribbit
  3691 | D:5      | Reached skill level 7 in Unarmed Combat
  3691 | D:5      | Reached XP level 8. HP: 53/83 MP: 7/7
  3991 | D:5      | Noticed Pikel
  4014 | D:5      | Killed Pikel
  4015 | D:5      | Reached skill level 8 in Unarmed Combat
  4569 | D:6      | Reached XP level 9. HP: 71/93 MP: 8/8
  4655 | D:6      | Reached skill level 9 in Unarmed Combat
  5017 | D:6      | Found a sacrificial altar of Ru.
  5058 | D:6      | Identified a scroll of acquirement
  5058 | D:6      | Acquired 440 gold pieces
  5305 | D:1      | Bought a scroll of identify for 22 gold pieces
  5305 | D:1      | Bought a scroll of blinking for 82 gold pieces
  5464 | D:6      | Noticed Blork the orc
  5472 | D:6      | Killed Blork the orc
  5495 | D:6      | Found a white marble altar of Elyvilon.
  5507 | D:6      | Found a glowing silver altar of Zin.
  5844 | D:7      | Found a runed translucent door.
  5845 | D:7      | Found a runed translucent door.
  5852 | D:7      | Reached skill level 10 in Unarmed Combat
  5889 | D:7      | Found a snail-covered altar of Cheibriados.
  5927 | D:7      | Found Ofo Rashu's Antique Armour Emporium.
  5931 | D:7      | Identified the +11 flail "Qolahid" {flame, Dex+4}
  5935 | D:7      | Bought a tower shield for 99 gold pieces
  5948 | D:7      | Found a hazy altar of Hepliaklqana.
  6063 | D:7      | Found Qoxico's Distillery.
  6069 | D:7      | Bought a potion of flight for 39 gold pieces
  6069 | D:7      | Bought a potion of degeneration for 13 gold pieces
  6069 | D:7      | Bought a potion of mutation for 104 gold pieces
  6070 | D:7      | Gained mutation: You are partially covered in large bone
                  | plates. (SH +4) [potion of mutation]
  6070 | D:7      | Gained mutation: You have hidden genetic potential. [potion
                  | of mutation]
  6070 | D:7      | Gained mutation: You possess an exceptional clarity of
                  | mind. [potion of mutation]
  6269 | D:7      | Found Gitiaj's Jewellery Emporium.
  6568 | D:7      | Found Raqassol's Distillery.
  6576 | D:7      | Bought a potion of might for 52 gold pieces
  6576 | D:7      | Bought 2 potions of resistance for 260 gold pieces
  6576 | D:7      | Bought a potion of cancellation for 104 gold pieces
  6736 | D:7      | Reached skill level 1 in Throwing
  6742 | D:7      | Reached skill level 1 in Shields
  6771 | D:7      | Reached skill level 1 in Evocations
  6771 | D:7      | Reached XP level 10. HP: 90/106 MP: 9/9
  6854 | D:8      | Found a broken altar of Ashenzari.
  7028 | D:8      | Found a radiant altar of Vehumet.
  7119 | D:8      | Identified the +11 spear of Gallantry {pain, *Rage rPois
                  | Dex+2}
  7150 | D:8      | Noticed Maurice
  7185 | D:8      | Killed Maurice
  7587 | D:9      | Found a runed translucent gate.
  7588 | D:9      | Found a staircase to the Lair.
  7588 | D:9      | Found a runed translucent gate.
  7588 | D:9      | Found an opulent altar of Gozag.
  7589 | D:9      | Found a runed translucent gate.
  7601 | D:9      | Noticed a deep elf pyromancer
  7602 | D:9      | Noticed Cecur's ghost (novice SpEn)
  7718 | D:9      | Found a shimmering blue altar of Sif Muna.
  7786 | D:9      | Noticed a two-headed ogre
  7802 | D:9      | Killed a two-headed ogre
  7810 | D:9      | Gained mutation: You are robust. (+10% HP) [hidden
                  | potential]
  7878 | D:9      | Acquired a +0 tower shield of protection
  8255 | D:10     | Entered Level 10 of the Dungeon
  8515 | D:10     | Reached XP level 11. HP: 117/126 MP: 10/10
  8943 | D:11     | Noticed a two-headed ogre
  8952 | D:11     | Killed a two-headed ogre
  8967 | D:11     | Gained mutation: You are agile. (Dex +4, Str/Int -1)
                  | [hidden potential]
  8967 | D:11     | Lost mutation: You have hidden genetic potential. [hidden
                  | potential expressed]
  9011 | D:11     | Reached skill level 5 in Throwing
  9021 | D:11     | Noticed a six-headed hydra
  9167 | D:11     | Killed a six-headed hydra
  9240 | D:11     | Reached skill level 10 in Fighting
  9446 | D:11     | Reached skill level 5 in Shields
  9773 | D:12     | Noticed a boulder beetle
  9792 | D:12     | Killed a boulder beetle
  9926 | D:12     | Found a staircase to the Orcish Mines.
  9961 | D:12     | Reached skill level 5 in Evocations
 10018 | D:12     | Noticed a cyan ugly thing
 10031 | D:12     | Killed a cyan ugly thing
 10193 | D:12     | Reached XP level 12. HP: 136/138 MP: 11/11
 10524 | Lair:1   | Entered Level 1 of the Lair of Beasts
 11091 | Lair:2   | Found a runed translucent door.
 11139 | Lair:2   | Noticed a four-headed hydra
 11152 | Lair:2   | Killed a four-headed hydra
 11214 | Lair:2   | Noticed a catoblepas
 11240 | Lair:2   | Killed a catoblepas
 11351 | Lair:2   | Noticed Urug
 11402 | Lair:2   | Killed Urug
 11594 | Lair:2   | Noticed a catoblepas
 11610 | Lair:2   | Killed a catoblepas
 12165 | Lair:2   | Noticed PaleWalker's ghost (journeyman MiBe)
 12389 | Lair:2   | Killed PaleWalker's ghost
 12561 | Lair:3   | Found a staircase to the Snake Pit.
 12806 | Lair:3   | Noticed a death yak
 12809 | Lair:3   | Reached XP level 13. HP: 124/146 MP: 12/12
 12999 | Lair:3   | Found a runed translucent gate.
 12999 | Lair:3   | Found a runed translucent gate.
 13000 | Lair:3   | Found a runed translucent gate.
 13000 | Lair:3   | Noticed Zazuam's ghost (journeyman DsMo)
 13003 | Lair:3   | Found a viscous altar of Jiyva.
 13006 | Lair:3   | Became a worshipper of Jiyva Judolooc the Shapeless
 13006 | Lair:3   | Reached * piety under Jiyva
 13006 | Lair:3   | Reached ** piety under Jiyva
 13025 | Lair:3   | Killed Zazuam's ghost
 13651 | Lair:4   | Found a staircase to the Swamp.
 14007 | Lair:4   | Reached *** piety under Jiyva
 14057 | Lair:4   | Lost mutation: You are partially covered in large bone
                  | plates. (SH +4) [Jiyva's grace]
 14057 | Lair:4   | Lost mutation: You possess an exceptional clarity of mind.
                  | [Jiyva's grace]
 14057 | Lair:4   | Gained mutation: You are covered in thick fur. (AC +2)
                  | [Jiyva's grace]
 14057 | Lair:4   | Gained mutation: Your thick and shaggy fur keeps you warm.
                  | (AC +3, rC+) [Jiyva's grace]
 14057 | Lair:4   | Gained mutation: Your melee attacks may engulf your foes in
                  | ooze. [Jiyva's grace]
 14057 | Lair:4   | Gained mutation: You are somewhat resistant to further
                  | mutation. [Jiyva's grace]
 14111 | Lair:4   | Reached skill level 10 in Throwing
 14591 | Lair:5   | Found a hide-covered altar of Uskayaw.
 14591 | Lair:5   | Found an ornate altar of the Wu Jian Council.
 14695 | Lair:5   | Found a staircase to the Slime Pits.
 14696 | Lair:5   | Found a viscous altar of Jiyva.
 14843 | Lair:5   | Reached **** piety under Jiyva
 14901 | Lair:5   | Reached skill level 1 in Armour
 15179 | Lair:5   | Reached ***** piety under Jiyva
 15247 | Lair:5   | Identified the ring of No Interval {rN+ Will+}
 15345 | Lair:6   | Entered Level 6 of the Lair of Beasts
 15386 | Lair:6   | Found a gate leading to a gauntlet.
 15395 | Gauntlet | Entered a Gauntlet
 15395 | Gauntlet | Found a transporter.
 15395 | Gauntlet | Lost mutation: You are robust. (+10% HP) [Jiyva's grace]
 15395 | Gauntlet | Lost mutation: Your thick and shaggy fur keeps you warm.
                  | (AC +3, rC+) [Jiyva's grace]
 15395 | Gauntlet | Gained mutation: You are robust. (+10% HP) [Jiyva's grace]
 15395 | Gauntlet | Gained mutation: You are very robust. (+20% HP) [Jiyva's
                  | grace]
 15395 | Gauntlet | Gained mutation: You are extremely robust. (+30% HP)
                  | [Jiyva's grace]
 15395 | Gauntlet | Gained mutation: You are partially covered in iridescent
                  | scales. (AC +2) [Jiyva's grace]
 15418 | Gauntlet | Found a transporter.
 15421 | Gauntlet | Found a transporter.
 15422 | Gauntlet | Found a transporter.
 15430 | Gauntlet | Found a transporter.
 15433 | Gauntlet | Found a transporter.
 15434 | Gauntlet | Found a transporter.
 15442 | Gauntlet | Found a transporter.
 15445 | Gauntlet | Found a transporter.
 15446 | Gauntlet | Found a transporter.
 15458 | Gauntlet | Found a transporter.
 15458 | Gauntlet | Found a transporter.
 15459 | Gauntlet | Found a transporter.
 15467 | Gauntlet | Found a transporter.
 15575 | Gauntlet | Reached XP level 14. HP: 185/185 MP: 13/13
 15789 | Gauntlet | Identified the +6 dagger "Hyva" {drain, Will+ Stlth+}
 15792 | Gauntlet | Noticed an azure jelly
 15792 | Gauntlet | a minotaur changed into an azure jelly
 15968 | Lair:6   | Reached skill level 10 in Shields
 15968 | Lair:6   | Reached skill level 11 in Unarmed Combat
 15968 | Lair:6   | Reached XP level 15. HP: 193/193 MP: 14/14
 16214 | Lair:6   | Reached skill level 5 in Dodging
 16483 | Lair:6   | Found a transporter.
 16485 | Lair:6   | Noticed Pooter's ghost (journeyman MiFi)
 16509 | Lair:6   | Found a transporter.
 16760 | Lair:6   | Identified the +0 ring mail of Omu Vouts {rCorr Str+4
                  | Int+4}
 16945 | Lair:6   | Killed Pooter's ghost
 16951 | Lair:6   | Identified the amulet of Ablimam {RegenMP Will+++ Str+2
                  | Dex+3 Stlth-}
 17140 | D:7      | Bought a potion of heal wounds for 65 gold pieces
 17140 | D:7      | Bought a potion of heal wounds for 65 gold pieces
 17273 | Orc:1    | Entered Level 1 of the Orcish Mines
 17398 | Orc:1    | Noticed an orc warlord
 17770 | D:12     | Slimified an orc warlord
 17770 | D:12     | Noticed an azure jelly
 17770 | D:12     | an orc warlord changed into an azure jelly
 18045 | Orc:1    | Lost mutation: You are agile. (Dex +4, Str/Int -1) [Jiyva's
                  | grace]
 18045 | Orc:1    | Gained mutation: You expend magic power (3 MP) to
                  | strengthen your wands. [Jiyva's grace]
 18045 | Orc:1    | Gained mutation: You are covered in slimy tendrils that may
                  | disarm your opponents. [Jiyva's grace]
 18045 | Orc:1    | Gained mutation: You are strong-willed. (Will+) [Jiyva's
                  | grace]
 18045 | Orc:1    | Gained mutation: You are highly strong-willed. (Will++)
                  | [Jiyva's grace]
 18125 | Orc:2    | Entered Level 2 of the Orcish Mines
 18173 | Orc:2    | Found a staircase to the Elven Halls.
 18279 | Orc:2    | Found Bubrav's Magic Scroll Shop.
 18287 | Orc:2    | Bought a scroll of fear for 38 gold pieces
 18287 | Orc:2    | Bought a scroll of blinking for 82 gold pieces
 18287 | Orc:2    | Bought a scroll of identify for 22 gold pieces
 18287 | Orc:2    | Bought a scroll of teleportation for 33 gold pieces
 18301 | Orc:2    | Found a dark tunnel.
 18309 | Volcano  | Entered a volcano
 18370 | Volcano  | Reached skill level 12 in Unarmed Combat
 18820 | Orc:2    | Found Jediduri's Assorted Antiques.
 18828 | Orc:2    | Reached skill level 5 in Armour
 18873 | Orc:2    | Reached XP level 16. HP: 200/210 MP: 15/15
 19055 | Orc:2    | Found Boxkim's Antique Weapon Shoppe.
 19059 | Orc:2    | Bought a potion of curing for 93 gold pieces
 19059 | Orc:2    | Bought a scroll of fog for 62 gold pieces
 19059 | Orc:2    | Bought a scroll of magic mapping for 108 gold pieces
 19059 | Orc:2    | Bought a glowing cloak for 232 gold pieces
 19061 | Orc:2    | Found Zoing's Magic Scroll Shoppe.
 19071 | Orc:2    | Found Nanutz's Jewellery Boutique.
 19343 | D:13     | Noticed Azrael
 19361 | D:13     | Killed Azrael
 19362 | D:13     | Reached skill level 10 in Evocations
 19426 | D:13     | Noticed Lodul
 19453 | D:13     | Killed Lodul
 19820 | D:13     | Lost mutation: You are highly strong-willed. (Will++)
                  | [Jiyva's grace]
 19820 | D:13     | Lost mutation: You are strong-willed. (Will+) [Jiyva's
                  | grace]
 19820 | D:13     | Lost mutation: You are somewhat resistant to further
                  | mutation. [Jiyva's grace]
 19820 | D:13     | Lost mutation: You are extremely robust. (+30% HP) [Jiyva's
                  | grace]
 19820 | D:13     | Gained mutation: Your flesh is cold resistant. (rC+)
                  | [Jiyva's grace]
 19820 | D:13     | Gained mutation: Your flesh is very cold resistant. (rC++)
                  | [Jiyva's grace]
 19820 | D:13     | Gained mutation: Your flesh is almost immune to the effects
                  | of cold. (rC+++) [Jiyva's grace]
 19820 | D:13     | Gained mutation: You are somewhat resistant to further
                  | mutation. [Jiyva's grace]
 20284 | D:14     | You fall into a shaft and drop 1 floor!
 20284 | D:15     | Entered Level 15 of the Dungeon
 20388 | D:14     | Reached ****** piety under Jiyva
 20558 | D:14     | Found a gate to the Vaults.
 21022 | D:14     | Found an ornate altar of the Wu Jian Council.
 21206 | D:15     | Reached skill level 13 in Unarmed Combat
 21301 | D:15     | Found the +5 robe of Night {Dark Will+ SInv}
 21386 | D:15     | Found Qillas's Armour Shop.
 21392 | D:15     | Bought a +2 hat for 192 gold pieces
 21409 | D:15     | Found a sparkling altar of Nemelex Xobeh.
 21421 | D:15     | Identified the +3 scale mail "Pevir" {*Slow rF+ rCorr
                  | Dex+7}
 21477 | D:15     | Found a staircase to the Depths.
 21860 | Swamp:1  | Entered Level 1 of the Swamp
 21873 | Swamp:1  | Lost mutation: Your flesh is almost immune to the effects
                  | of cold. (rC+++) [Jiyva's grace]
 21873 | Swamp:1  | Lost mutation: You expend magic power (3 MP) to strengthen
                  | your wands. [Jiyva's grace]
 21873 | Swamp:1  | Lost mutation: Your melee attacks may engulf your foes in
                  | ooze. [Jiyva's grace]
 21873 | Swamp:1  | Gained mutation: You have a small jelly attached to you
                  | that senses nearby items. [Jiyva's grace]
 21873 | Swamp:1  | Gained mutation: You have a beak for a mouth. [Jiyva's
                  | grace]
 21873 | Swamp:1  | Gained mutation: You passively dampen the noise of your
                  | surroundings. [Jiyva's grace]
 21873 | Swamp:1  | Gained mutation: You are agile. (Dex +4, Str/Int -1)
                  | [Jiyva's grace]
 23365 | Swamp:3  | Reached XP level 17. HP: 210/210 MP: 16/16
 23639 | Swamp:3  | Identified the +6 long sword "Loggekh" {vorpal, Contam
                  | rElec Int+9}
 23816 | Swamp:4  | Entered Level 4 of the Swamp
 24066 | Swamp:4  | Noticed Louise
 24069 | Swamp:4  | Noticed a tentacled monstrosity
 24087 | Swamp:4  | Killed a tentacled monstrosity
 24141 | Swamp:4  | Reached skill level 14 in Unarmed Combat
 24245 | Swamp:4  | Got a decaying rune of Zot
 24401 | Swamp:4  | Lost mutation: Your flesh is very cold resistant. (rC++)
                  | [Jiyva's grace]
 24401 | Swamp:4  | Lost mutation: Your flesh is cold resistant. (rC+) [Jiyva's
                  | grace]
 24401 | Swamp:4  | Lost mutation: You are very robust. (+20% HP) [Jiyva's
                  | grace]
 24401 | Swamp:4  | Lost mutation: You have a small jelly attached to you that
                  | senses nearby items. [Jiyva's grace]
 24401 | Swamp:4  | Lost mutation: You are somewhat resistant to further
                  | mutation. [Jiyva's grace]
 24401 | Swamp:4  | Gained mutation: You have hidden genetic potential.
                  | [Jiyva's grace]
 24401 | Swamp:4  | Gained mutation: You have great hidden genetic potential.
                  | [Jiyva's grace]
 24401 | Swamp:4  | Gained mutation: Your translucent skin slightly reduces
                  | your foes' accuracy. (Stealth+) [Jiyva's grace]
 24401 | Swamp:4  | Gained mutation: Your translucent skin reduces your foes'
                  | accuracy. (Stealth+) [Jiyva's grace]
 24458 | Swamp:4  | Slimified Louise
 24458 | Swamp:4  | Noticed Louise
 24458 | Swamp:4  | Louise changed into Louise the slime creature
 24734 | Snake:1  | Entered Level 1 of the Snake Pit
 25443 | Snake:2  | Noticed Aizul
 25459 | Snake:2  | Killed Aizul
 25921 | Snake:2  | Found Vyuhap's Distillery.
 25924 | Snake:2  | Found Lioklus's Weapon Shop.
 25927 | Snake:2  | Bought a potion of heal wounds for 70 gold pieces
 25927 | Snake:2  | Bought a potion of might for 56 gold pieces
 26073 | Snake:2  | Lost mutation: You are covered in slimy tendrils that may
                  | disarm your opponents. [Jiyva's grace]
 26073 | Snake:2  | Gained mutation: You are covered in slimy tendrils that may
                  | disarm your opponents. [Jiyva's grace]
 26073 | Snake:2  | Gained mutation: Armour fits poorly on your pseudopods.
                  | [Jiyva's grace]
 26073 | Snake:2  | Gained mutation: Armour fits poorly on your large
                  | pseudopods. [Jiyva's grace]
 26073 | Snake:2  | Gained mutation: Armour fits poorly on your massive
                  | pseudopods. [Jiyva's grace]
 26380 | Snake:3  | Found a frozen archway.
 26393 | IceCv    | Entered an ice cave
 26623 | IceCv    | Reached XP level 18. HP: 80/205 MP: 17/17
 26674 | IceCv    | Identified the ring "Deoduamn" {rF++ rN+ SInv}
 26678 | IceCv    | Identified the ring of the Salmon {rF+ Will++}
 27195 | Snake:3  | Reached skill level 10 in Dodging
 27219 | Snake:3  | Reached skill level 15 in Unarmed Combat
 27298 | Snake:3  | Noticed Vashnia
 27473 | Snake:3  | Slimified Vashnia
 27473 | Snake:3  | Noticed Vashnia
 27473 | Snake:3  | Vashnia changed into Vashnia the acid blob
 27771 | Snake:3  | Found Liruucva's Jewellery Boutique.
 27772 | Snake:3  | Found Epnir's Book Shoppe.
 27772 | Snake:3  | Found Husulamn's Jewellery Boutique.
 28032 | Snake:4  | Entered Level 4 of the Snake Pit
 28284 | Snake:4  | Reached skill level 10 in Armour
 28301 | Snake:4  | Gained mutation: You are very robust. (+20% HP) [hidden
                  | potential]
 28885 | Snake:4  | Reached skill level 16 in Unarmed Combat
 29330 | Snake:4  | Got a serpentine rune of Zot
 29516 | Snake:4  | Identified the +8 chain mail of the Present {rF+ Int+3}
 29794 | Vaults:1 | Entered Level 1 of the Vaults
 29901 | Vaults:1 | Reached skill level 15 in Fighting
 29905 | Vaults:1 | Reached XP level 19. HP: 203/241 MP: 18/18
 29960 | Vaults:1 | Reached skill level 17 in Unarmed Combat
 30009 | Vaults:1 | Found Bubiw's Book Boutique.
 30410 | Vaults:1 | Lost mutation: You have a beak for a mouth. [Jiyva's grace]
 30410 | Vaults:1 | Lost mutation: You are very robust. (+20% HP) [Jiyva's
                  | grace]
 30410 | Vaults:1 | Gained mutation: Your system is resistant to poisons.
                  | (rPois) [Jiyva's grace]
 30410 | Vaults:1 | Gained mutation: You expend magic power (3 MP) to
                  | strengthen your wands. [Jiyva's grace]
 30410 | Vaults:1 | Gained mutation: You have acidic saliva. [Jiyva's grace]
 30410 | Vaults:1 | Gained mutation: You are very robust. (+20% HP) [Jiyva's
                  | grace]
 30824 | Vaults:1 | Reached skill level 18 in Unarmed Combat
 30909 | Vaults:1 | Gained mutation: You are very agile. (Dex +8, Str/Int -2)
                  | [hidden potential]
 30909 | Vaults:1 | Lost mutation: You have great hidden genetic potential.
                  | [hidden potential expressed]
 31298 | Vaults:2 | Reached skill level 19 in Unarmed Combat
 31866 | Vaults:2 | Found a staircase to the Crypt.
 32087 | Vaults:2 | Lost mutation: You are partially covered in iridescent
                  | scales. (AC +2) [Jiyva's grace]
 32087 | Vaults:2 | Lost mutation: You are very agile. (Dex +8, Str/Int -2)
                  | [Jiyva's grace]
 32087 | Vaults:2 | Lost mutation: You are very robust. (+20% HP) [Jiyva's
                  | grace]
 32087 | Vaults:2 | Lost mutation: You have acidic saliva. [Jiyva's grace]
 32087 | Vaults:2 | Lost mutation: You passively dampen the noise of your
                  | surroundings. [Jiyva's grace]
 32087 | Vaults:2 | Gained mutation: You have great hidden genetic potential.
                  | [Jiyva's grace]
 32087 | Vaults:2 | Gained mutation: You have a small jelly attached to you
                  | that may absorb projectiles. [Jiyva's grace]
 32087 | Vaults:2 | Gained mutation: Your spells are a little harder to cast,
                  | but a little more powerful. [Jiyva's grace]
 32087 | Vaults:2 | Gained mutation: Your spells are harder to cast, but more
                  | powerful. [Jiyva's grace]
 32152 | Vaults:2 | Found Poiqohupot's Jewellery Emporium.
 32588 | Vaults:3 | Cast into level 3 of the Abyss (vault warden)
 33039 | Vaults:3 | Escaped the Abyss
 33171 | Vaults:3 | Reached skill level 20 in Unarmed Combat
 33458 | Vaults:3 | Noticed Mennas
 33510 | Vaults:3 | Killed Mennas
 33511 | Vaults:3 | Reached XP level 20. HP: 176/231 MP: 19/19
 33524 | Vaults:3 | Noticed Boris
 33536 | Vaults:3 | Killed Boris
 33983 | Vaults:3 | Noticed Bai Suzhen
 33987 | Vaults:3 | Slimified Bai Suzhen
 33987 | Vaults:3 | Noticed Bai Suzhen
 33987 | Vaults:3 | Bai Suzhen changed into Bai Suzhen the acid blob
 34383 | Vaults:3 | Upgraded the game from 0.29-a0-284-gf9362112df to
                  | 0.29-a0-321-gf1c400731a
 34645 | Vaults:4 | Noticed Boris
 34657 | Vaults:4 | Killed Boris
 35010 | Vaults:4 | Lost mutation: You are agile. (Dex +4, Str/Int -1) [Jiyva's
                  | grace]
 35010 | Vaults:4 | Lost mutation: Armour fits poorly on your massive
                  | pseudopods. [Jiyva's grace]
 35010 | Vaults:4 | Lost mutation: You have great hidden genetic potential.
                  | [Jiyva's grace]
 35010 | Vaults:4 | Lost mutation: You expend magic power (3 MP) to strengthen
                  | your wands. [Jiyva's grace]
 35010 | Vaults:4 | Gained mutation: You have large cloven feet. [Jiyva's
                  | grace]
 35010 | Vaults:4 | Gained mutation: You have hoof-like feet. [Jiyva's grace]
 35010 | Vaults:4 | Gained mutation: You have hooves in place of feet. [Jiyva's
                  | grace]
 35010 | Vaults:4 | Gained mutation: You are partially covered in iridescent
                  | scales. (AC +2) [Jiyva's grace]
 35125 | Vaults:4 | Noticed Sojobo
 35129 | Vaults:4 | Slimified Sojobo
 35129 | Vaults:4 | Noticed Sojobo
 35129 | Vaults:4 | Sojobo changed into Sojobo the azure jelly
 35131 | Vaults:4 | Killed Sojobo the azure jelly
 35976 | Vaults:4 | Upgraded the game from 0.29-a0-321-gf1c400731a to
                  | 0.29-a0-397-g846e4a0bbc
 36401 | Slime:1  | Entered Level 1 of the Pits of Slime
 36462 | Slime:5  | Entered Level 5 of the Pits of Slime
 36583 | Slime:5  | Found a viscous altar of Jiyva.
 36588 | Slime:5  | Got a slimy rune of Zot
 36600 | Slime:5  | Found the +8 whip "Snakebite" {venom, curare, rPois}
 36612 | Slime:5  | Found the necklace of Bloodlust {*Rage Will++ Int-3 Slay+6}
 36619 | Slime:5  | Identified the +8 dagger of Jocs {freeze, rCorr Str+3 Int-5
                  | Stlth+}
 36620 | Slime:5  | Upgraded the game from 0.29-a0-397-g846e4a0bbc to
                  | 0.29-a0-838-g385bb11a5b
 37219 | Depths:1 | Entered Level 1 of the Depths
 37404 | Depths:1 | Mangled by an ettin

Illustrated notes

Levels and vault maps discovered:
D:1:      lightli_arrival_statuegarden, layout_basic, serial_shops, shop_coins,
          shop, nicolae_lakefront_shop, minmay_box_of_dots
D:2:      layout_loops_ring, ebering_ecumenical_altar_box,
          amcnicky_mini_rare_corridor_liquid
D:3:      layout_rooms, minivault_14, uniq_sigmund, uniq_terence
D:4:      layout_loops_corners, minmay_temple_entry_trees
D:5:      layout_loops_ring, uniq_pikel, uniq_prince_ribbit1
D:6:      layout_loops_ring, mainiacjoe_overflow_cross_hatched,
          mainiacjoe_overflow_big_doors, uniq_blork_the_orc
D:7:      lemuel_insect_pit, layout_basic, slow_altar_1,
          nicolae_hepliaklqana_hazy_memory, serial_shops, shop, shop_statue,
          nicolae_square_shop, shop, minmay_misc_feat_square
D:8:      layout_basic, old_standard_altar, nicolae_ashenzari_skybound,
          minmay_small_thing, uniq_maurice
D:9:      layout_roguey, lemuel_round_altar, lair_entry_dummy,
          ebering_ghost_gozag, chequers_avenue, kennysheep_generic_room_9
D:10:     layout_loops_ring, minmay_between
D:11:     layout_basic
D:12:     layout_irregular_city, david_orc_3
D:13:     kennysheep_ambush_hall, layout_irregular_city, uniq_lodul, uniq_azrael
D:14:     layout_stronghold, skrybe_vaults_entry_preservation,
          pdpol_wu_jian_five_deadly_venoms
D:15:     gammafunk_enter_depths_forms, layout_rooms, serial_shops, shop,
          nemelex_xobeh_ov_fountains_minmay, hellmonk_guarded_unrand_night
Temple:   dpeg_chambers_temple
Lair:1:   layout_misc_corridors, beast_lair_carwin_2
Lair:2:   layout_misc_corridors, ebering_ghost_reflecting_pool,
          beast_lair_carwin_5, lemuel_fruit_tree, uniq_urug
Lair:3:   layout_gridlike, minmay_snake_entry_six_corridors,
          gammafunk_ghost_ooze, serial_bayou_shore_b,
          infiniplex_staircase_pool_2
Lair:4:   layout_roguey, skrybe_swamp_entry_bodies,
          chequers_serial_rivers_micro_d, grunt_forest_large_clearing_hut
Lair:5:   beast_lair_carwin_large_1, layout_long_grid, slime_altar_1,
          nzn_masters_of_martial_movement, grunt_megastairs_4,
          lemuel_fruit_fields, serial_bayou_shore_b
Lair:6:   minmay_lair_end_frog_pond, layout_regular_city,
          gammafunk_ghost_berserking_beasts, gauntlet_entry_generic,
          grunt_megastairs_5, serial_bayou_shore_a
Swamp:1:  layout_falls_marsh, evilmike_swamp_ruin_house_3, swamp_pool3,
          nicolae_swamp_tree_designs
Swamp:2:  layout_falls_marsh, infiniplex_staircase_pool, swamp_pool4
Swamp:3:  layout_basic_swamp, hangedman_swamp_lotus
Swamp:4:  swamp_basic_johnstein, layout_basic_swamp, uniq_louise
Snake:1:  layout_rooms
Snake:2:  layout_onion, minmay_shop_star, grunt_megastairs_1, uniq_aizul
Snake:3:  layout_cave_shapes, portal_ice_cave_entry_pillars_1,
          serial_bayou_lake_a, minmay_shop_grove, uniq_vashnia
Snake:4:  snake_pit, layout_onion_interference, serial_bayou_pond_e
Slime:1:  layout_caves
Slime:2:  layout_caves, cheibrodos_slime_lost_civilization_4
Slime:3:  layout_caves
Slime:4:  layout_caves
Slime:5
Orc:1:    layout_caves, basic_altar
Orc:2:    st_orc_elflike, layout_diamond_mine, lightli_volcano_entry_magma_tube,
          serial_shops, shop
Vaults:1: nicolae_vaults_diagonal_hallway_8, v_rooms_3,
          nicolae_vaults_twisting_passages, hangedman_vaults_nodes,
          hangedman_vaults_stretched_pinwheel, nicolae_vaults_sealed_display,
          nicolae_vaults_little_squares_6, grunt_vaults_focal,
          ontoclasm_vaults_ring_small, v_rooms_1,
          vaults_room_grunt_arrival_ludios, grunt_vaults_hallway_long,
          vaults_room_pools, vaults_room_stairs_pillars, v_alt_pattern_4,
          nicolae_vaults_theta, ontoclasm_vaults_gateway, layout_vaults_omnibox,
          serial_shops, nicolae_shop_competitors_out_of_business
Vaults:2: nicolae_vaults_ninety_degrees, minmay_crypt_entry_simple_round,
          hangedman_vaults_slice, nicolae_vaults_network_quincunx
          [nicolae_vaults_network_quincunx_subvault,
          nicolae_vaults_network_quincunx_subvault,
          nicolae_vaults_network_quincunx_subvault,
          nicolae_vaults_network_quincunx_subvault,
          nicolae_vaults_network_quincunx_subvault], vaults_mumra_chevron,
          v_pattern_2, ontoclasm_vaults_decontamination,
          nicolae_vaults_mini_display_case, layout_vaults_quadrants,
          serial_shops, nicolae_shop_waterfront
Vaults:3: vaults_room_door_hall, hangedman_vaults_corner_blocks,
          special_room_vaults [special_room_orc], v_misc_10, v_misc_19,
          hangedman_vaults_variations, nicolae_vaults_what_the_h,
          layout_vaults_omnicross, uniq_boris, uniq_mennas, uniq_bai_suzhen
Vaults:4: st_star, hangedman_vaults_locks, v_misc_32, ontoclasm_vaults_shuriken,
          ontoclasm_vaults_ring_square, hangedman_vaults_unwind, v_misc_30,
          nicolae_vaults_shelves_hall, ontoclasm_vaults_bender,
          ontoclasm_vaults_pinch, layout_vaults_ring, uniq_sojobo
Depths:1: layout_long_grid, lightli_too_deep, hangedman_glass_teeth,
          nicolae_shop_clearance, serial_bayou_shore_b, minmay_shoptagon

Skill      XL: |  1  2  3  4  5  6  7  8  9 10 11 12 13 14 15 16 17 18 19 20 |
---------------+-------------------------------------------------------------+-----
Fighting       | 3 4 6 7 8 9 10 11 12 13 15 | 15.6
Dodging        | 3 4 6 8 9 10 11 | 11.0
Unarmed Combat | 4 5 7 8 10 11 12 13 14 16 20 | 20.5
Throwing       | 1 4 6 8 10 11 | 11.2
Shields        | 1 3 6 7 9 10 11 | 11.9
Evocations     | 1 3 5 7 8 9 10 | 10.0
Armour         | 1 3 5 7 9 10 11 | 11.0
Stealth        | |  1.0

Action                   |  1- 3 |  4- 6 |  7- 9 | 10-12 | 13-15 | 16-18 | 19-21 || total
-------------------------+-------+-------+-------+-------+-------+-------+-------++-------
Melee: Unarmed           |    81 |   120 |   249 |   751 |   992 |  1846 |  1248 ||  5287
       Punch             |       |     2 |     9 |     3 |       |       |       ||    14
       Spear             |       |       |       |    12 |       |       |       ||    12
       Scimitar          |       |       |       |       |    34 |    50 |       ||    84
       Peck              |       |       |       |       |       |   384 |    44 ||   428
       Pseudopods        |       |       |       |       |       |   196 |   344 ||   540
       Bite              |       |       |       |       |       |       |    51 ||    51
       Kick              |       |       |       |       |       |       |    82 ||    82
Throw: Boomerang         |       |       |     5 |     2 |     9 |    13 |     6 ||    35
       Dart              |       |       |       |     9 |       |       |       ||     9
       Stone             |       |       |       |     1 |       |       |       ||     1
       Large rock        |       |       |       |       |       |    22 |    11 ||    33
Invok: Slimify           |       |       |       |       |     3 |     4 |     5 ||    12
       Oozemancy         |       |       |       |       |     2 |     3 |     2 ||     7
Evoke: Wand              |       |       |       |    12 |     7 |     5 |     3 ||    27
       Lightning rod     |       |       |       |       |     3 |     4 |       ||     7
  Use: Scroll            |     1 |       |    14 |    10 |     6 |     3 |       ||    34
       Potion            |     1 |       |     1 |     3 |     1 |     6 |     4 ||    16
 Stab: Sleeping          |     4 |     3 |     6 |     4 |       |    13 |     4 ||    34
       Invisible         |       |       |       |     2 |       |       |       ||     2
       Petrified         |       |       |       |     1 |       |       |       ||     1
       Distracted        |       |       |       |       |       |     5 |     1 ||     6
Armor: Robe              |    19 |    26 |    50 |    92 |       |   637 |   459 ||  1283
       Troll leather arm |       |       |       |    51 |       |       |       ||    51
       Acid dragon scale |       |       |       |   150 |   587 |   223 |       ||   960
Dodge: Dodged            |    35 |    69 |   110 |   219 |   413 |   988 |   647 ||  2481
Block: Other             |       |       |     8 |    12 |       |       |       ||    20
       Tower shield      |       |       |       |   624 |  1121 |  1530 |       ||  3275
       Kite shield       |       |       |       |       |       |   281 |   778 ||  1059

Table legend: (Time is in decaauts)
 A = Elapsed time spent in this place.
 B = Non-inter-level travel time spent in this place.
 C = Inter-level travel time spent in this place.
 D = Time resting spent in this place.
 E = Time spent auto-exploring this place.
 F = Levels seen in this place.
 G = Mean time per level.
                   A        B        C        D        E       F      G
               +--------+--------+--------+--------+--------+-----+--------+
         Total |  37456 |  34047 |   3409 |   2296 |  20749 |  46 |  814.3 |
       Dungeon |  14030 |  12164 |   1866 |    677 |   8116 |  15 |  935.3 |
        Temple |    226 |    204 |     22 |      0 |    191 |   1 |  226.0 |
          Lair |   6634 |   5985 |    649 |    412 |   3628 |   6 | 1105.7 |
         Swamp |   3098 |   2953 |    145 |    192 |   1668 |   4 |  774.5 |
     Snake Pit |   4133 |   3976 |    157 |    382 |   2068 |   4 | 1033.2 |
    Slime Pits |    327 |    237 |     90 |      0 |    153 |   5 |   65.4 |
  Orcish Mines |   1291 |   1225 |     66 |     37 |    738 |   2 |  645.5 |
        Vaults |   5798 |   5387 |    411 |    220 |   3607 |   4 | 1449.5 |
        Depths |    167 |    167 |      0 |     57 |     31 |   1 |  167.0 |
         Abyss |    407 |    407 |      0 |     14 |    159 |   1 |  407.0 |
      Ice Cave |    679 |    679 |      0 |    228 |    198 |   1 |  679.0 |
       Volcano |    251 |    251 |      0 |     37 |     72 |   1 |  251.0 |
      Gauntlet |    411 |    411 |      0 |     40 |    118 |   1 |  411.0 |
               +--------+--------+--------+--------+--------+-----+--------+

Top non-repeatable levels by time:
Vaults:4: 1551 daAuts
Vaults:2: 1550 daAuts
  Lair:2: 1452 daAuts
Vaults:3: 1422 daAuts
 Snake:4: 1387 daAuts
  Lair:3: 1299 daAuts
Vaults:1: 1272 daAuts
    D:12: 1249 daAuts
  Lair:6: 1187 daAuts
 Snake:3: 1170 daAuts
    D:14: 1103 daAuts
 Snake:2: 1083 daAuts
     D:7: 1073 daAuts
     D:6: 1056 daAuts
     D:4: 1052 daAuts
